 Dungeon Crawl Stone Soup version 0.24-a0-788-g2b66604 (webtiles) character file.

Game seed: 13623918266733373559, levelgen mode: deterministic

1198634 micr0chasm the Slayer (level 27, 176/207 HPs)
             Began as a Halfling Wizard on Sept 28, 2019.
             Was a High Priest of Nemelex Xobeh.
             Escaped with the Orb
             ... and 3 runes on Oct 10, 2019!
             The game lasted 08:00:35 (156991 turns).

micr0chasm the Slayer (Halfling Wizard)           Turns: 156991, Time: 08:00:36

Health: 176/207    AC: 31    Str: 13      XL:     27
Magic:  36/36      EV: 18    Int: 20 (21) God:    Nemelex Xobeh [*****.]
Gold:   633        SH: 19    Dex: 20      Spells: 9/36 levels left

rFire    + . .     SeeInvis +   a - +9 rapier (venom)
rCold    + . .     Gourm    .   L - +2 shield {rF+}
rNeg     + + .     Faith    .   J - +5 chain mail "Lyrel" {+Inv MR+ Str+3}
rPois    +         Spirit   .   i - +0 helmet of the Past {*Corrode rN+ MR+++ Int+3} (curse)
rElec    .         Reflect  .   K - +1 cloak {rPois}
rCorr    +         Harm     .   s - +2 pair of gloves
MR       +++++     Clarity  +   Y - +0 pair of boots of Mirth {*Drain rCorr SInv Stlth+}
Stlth    +.........             I - amulet of the Four Winds {rN+ MR+++ Clar}
HPRegen  0.44/turn              N - +3 ring of protection
MPRegen  0.25/turn              u - ring of protection from cold

@: no status effects
A: small, mutation resistance 1, weak 1
0: Orb of Zot
}: 3/15 runes: decaying, abyssal, gossamer
a: Draw Escape, Draw Destruction, Draw Summoning, Draw Stack, Triple Draw, Deal
Four, Stack Five, Renounce Religion, Evoke Invisibility


You escaped.
You worshipped Nemelex Xobeh.
Nemelex Xobeh was extremely pleased with you.
You were not hungry.

You visited 10 branches of the dungeon, and saw 49 of its levels.
You visited the Abyss 1 time.

You collected 5693 gold pieces.
You spent 5060 gold pieces at shops.

Inventory:

Hand Weapons
 a - a +9 rapier of venom (weapon)
   (You found it on level 6 of the Lair of Beasts)
 b - a +8 fustibalus of freezing
   (You acquired it on level 4 of the Vaults)
Missiles
 f - 4 throwing nets (quivered) {!f}
 P - 620 stones
 Z - 66 sling bullets
Armour
 i - the cursed +0 helmet of the Past (worn) {*Corrode rN+ MR+++ Int+3}
   (You found it on level 3 of the Elven Halls)

   It affects your intelligence (+3).
   It protects you from negative energy.
   It affects your resistance to hostile enchantments.
   It may corrode you when you take damage.
   It has a curse placed upon it.
 o - +2 fire dragon scales
   (You found it on level 3 of the Elven Halls)
 s - a +2 pair of gloves (worn)
   (You found it on level 15 of the Dungeon)
 t - a +3 scale mail of fire resistance
   (You bought it in a shop on level 2 of the Orcish Mines)
 x - a +1 helmet
   (You found it on level 5 of the Realm of Zot)
 B - +0 storm dragon scales
   (You found it on level 4 of the Realm of Zot)
 J - the +5 chain mail "Lyrel" (worn) {+Inv MR+ Str+3}
   (You bought it in a shop on level 2 of the Orcish Mines)

   It affects your strength (+3).
   It affects your resistance to hostile enchantments.
   It lets you turn invisible.
 K - a +1 cloak of poison resistance (worn)
   (You took it off a draconian scorcher on level 3 of the Realm of Zot)
 L - a +2 shield of fire resistance (worn)
   (You acquired it on level 3 of the Elven Halls)
 Y - the +0 pair of boots of Mirth (worn) {*Drain rCorr SInv Stlth+}
   (You found it on level 3 of the Swamp)

   It lets you see invisible.
   It provides partial protection from all sources of acid and corrosion.
   It causes draining when unequipped.
   It makes you more stealthy.
Jewellery
 l - an uncursed ring of protection from magic
   (You took it off a red draconian on level 2 of the Realm of Zot)
 m - an uncursed ring of resist corrosion
   (You found it on level 3 of the Abyss)
 u - a ring of protection from cold (right hand)
   (You took it off a yellow draconian on level 5 of the Realm of Zot)
 y - a +4 ring of evasion
   (You found it on level 2 of the Elven Halls)
 z - an uncursed ring of see invisible
   (You found it on level 1 of the Lair of Beasts)
 I - the amulet of the Four Winds (around neck) {rN+ MR+++ Clar}
   (You took it off a deep elf death mage on level 3 of the Elven Halls)

   [amulet of nothing]

   It protects you from negative energy.
   It affects your resistance to hostile enchantments.
   It protects you against confusion.
 N - a +3 ring of protection (left hand)
   (You found it on level 4 of the Swamp)
 O - an uncursed ring of poison resistance
   (You found it on level 3 of the Swamp)
 X - an uncursed ring of fire
   (You bought it in a shop on level 5 of the Depths)
Wands
 c - a wand of disintegration (11)
   (You found it on level 5 of the Realm of Zot)
 v - a wand of digging (1)
   (You bought it in a shop on level 5 of the Depths)
Scrolls
 n - 2 scrolls of teleportation {@r4}
 q - 3 scrolls of fog
 C - 24 scrolls of remove curse {@r2}
 H - 3 scrolls of fear
 M - 21 scrolls of identify {@r1}
 R - 2 scrolls of blinking
Potions
 d - a potion of curing {@q1}
 g - 4 potions of magic
 j - 4 potions of flight
 k - 7 potions of lignification {!q}
 p - 5 potions of berserk rage
 D - 2 potions of cancellation
 F - 5 potions of brilliance
 U - a potion of invisibility
Miscellaneous
 h - a phial of floods (inert)
   (You found it on level 3 of the Elven Halls)
 G - a lamp of fire (inert)
   (You found it on level 1 of the Swamp)
Comestibles
 e - 7 rations {!d}


   Skills:
 + Level 22.1 Fighting
 - Level 14.0 Short Blades
 - Level 14.0 Slings
 - Level 15.7 Armour
 - Level 15.3 Dodging
 - Level 5.3 Stealth
 - Level 21.0 Shields
 - Level 5.0 Spellcasting
 - Level 1.8 Conjurations
 - Level 0.7 Summonings
 - Level 8.0 Translocations
 - Level 2.2 Fire Magic
 - Level 2.0 Air Magic
 - Level 2.0 Poison Magic
 - Level 18.0 Invocations
 - Level 15.2 Evocations


You had 9 spell levels left.
You knew the following spells:

 Your Spells              Type           Power        Failure   Level  Hunger
a - Magic Dart            Conj           ##..         50%         1    None
b - Blink                 Tloc           N/A          7%          2    None
c - Confusing Touch       Hex            #.....       77%         1    None
d - Conjure Flame         Conj/Fire      ##......     85%         3    ##.....
e - Apportation           Tloc           #####.       4%          1    None
f - Mephitic Cloud        Conj/Pois/Air  ##......     86%         3    ##.....
g - Disjunction           Tloc           #####.....   100%        8    #######
n - Summon Butterflies    Summ           #.......     67%         1    None
u - Animate Skeleton      Necr           N/A          77%         1    None
v - Passage of Golubria   Tloc           N/A          41%         4    ####...
x - Call Imp              Summ           #.......     80%         2    None

Your spell library contained the following spells:

 Spells                   Type           Power        Failure   Level  Hunger
 Gell's Gravitas          Tloc           #####.....   14%         3    ##.....
 Lesser Beckoning         Tloc           #####.....   14%         3    ##.....
 Teleport Other           Tloc           #####...     14%         3    ##.....
 Shroud of Golubria       Chrm/Tloc      ###...       34%         2    None
 Flame Tongue             Conj/Fire      ##...        47%         1    None
 Shock                    Conj/Air       ##..         50%         1    None
 Recall                   Summ/Tloc      N/A          52%         3    ##.....
 Throw Flame              Conj/Fire      ##....       63%         2    None
 Searing Ray              Conj           ##....       65%         2    None
 Summon Small Mammal      Summ           #...         67%         1    None
 Beastly Appendage        Tmut           #.....       77%         1    None
 Freeze                   Ice            #...         77%         1    None
 Pain                     Necr           #...         77%         1    None
 Sandblast                Erth           #.....       77%         1    None
 Swiftness                Chrm/Air       #.......     77%         2    None
 Throw Frost              Conj/Ice       #.....       77%         2    None
 Static Discharge         Conj/Air       ##......     86%         3    ##.....
 Corpse Rot               Necr           N/A          88%         2    None
 Passwall                 Tmut/Erth      #.......     88%         2    None
 Slow                     Hex            #.......     88%         2    None
 Sticks to Snakes         Tmut           #.......     88%         2    None
 Sublimation of Blood     Necr           #.........   88%         2    None
 Ignite Poison            Fire/Tmut/Pois ##......     90%         3    ##.....
 Inner Flame              Hex/Fire       #.......     93%         3    ##.....
 Spider Form              Tmut/Pois      #.........   94%         3    ##.....
 Stone Arrow              Conj/Erth      #.....       94%         3    ##.....
 Call Canine Familiar     Summ           #.......     95%         3    ##.....
 Summon Guardian Golem    Hex/Summ       #.......     97%         3    ##.....
 Confuse                  Hex            #.......     98%         3    ##.....
 Ozocubu's Armour         Chrm/Ice       #.......     98%         3    ##.....
 Regeneration             Chrm/Necr      #.........   98%         3    ##.....
 Vampiric Draining        Necr           #.........   98%         3    ##.....
 Airstrike                Air            ##........   99%         4    ####...
 Sticky Flame             Conj/Fire      ##......     99%         4    ####...
 Animate Dead             Necr           N/A          100%        4    ####...
 Cause Fear               Hex            #.........   100%        4    ####...
 Fulminant Prism          Conj/Hex       #.........   100%        4    ####...
 Ice Form                 Ice/Tmut       #.......     100%        4    ####...
 Petrify                  Tmut/Erth      #.......     100%        4    ####...
 Summon Ice Beast         Ice/Summ       #.......     100%        4    ####...
 Summon Lightning Spire   Summ/Air       ##......     100%        4    ####...
 Throw Icicle             Conj/Ice       #.......     100%        4    ####...
 Agony                    Necr           #.......     100%        5    #####..
 Alistair's Intoxication  Tmut/Pois      #.......     100%        5    #####..
 Blade Hands              Tmut           #.........   100%        5    #####..
 Bolt of Draining         Conj/Necr      #.........   100%        5    #####..
 Borgnjor's Vile Clutch   Necr/Erth      #.........   100%        5    #####..
 Dispel Undead            Necr           #.......     100%        5    #####..
 Excruciating Wounds      Chrm/Necr      #.........   100%        5    #####..
 Fireball                 Conj/Fire      ##........   100%        5    #####..
 Irradiate                Conj/Tmut      #.........   100%        5    #####..
 Lee's Rapid Deconstruct  Erth           #.........   100%        5    #####..
 Lightning Bolt           Conj/Air       ##........   100%        5    #####..
 Metabolic Englaciation   Hex/Ice        #.........   100%        5    #####..
 Summon Mana Viper        Hex/Summ       #.......     100%        5    #####..
 Yara's Violent Unravell  Hex/Tmut       #.........   100%        5    #####..
 Bolt of Fire             Conj/Fire      ##........   100%        6    #######
 Death Channel            Necr           #.........   100%        6    #######
 Simulacrum               Ice/Necr       #.........   100%        6    #######
 Dragon Form              Tmut           #.........   100%        7    #######
 Malign Gateway           Summ/Tloc      ###.......   100%        7    #######
 Monstrous Menagerie      Summ           #.........   100%        7    #######
 Summon Greater Demon     Summ           #.........   100%        7    #######
 Summon Hydra             Summ           #.........   100%        7    #######
 Ignition                 Fire           ##........   100%        8    #######
 Summon Horrible Things   Summ           #.........   100%        8    #######
 Dragon's Call            Summ           #.........   100%        9    #######
 Shatter                  Erth           #.........   100%        9    #######
 Tornado                  Air            ##........   100%        9    #######


Dungeon Overview and Level Annotations

Branches:
Dungeon (15/15)            Temple (1/1) D:5            Lair (6/6) D:8
  Swamp (4/4) Lair:4       Spider (4/4) Lair:3        Slime (0/5) Lair:6
    Orc (2/2) D:12            Elf (3/3) Orc:2        Vaults (4/5) D:13
  Crypt (0/3) Vaults:3     Depths (5/5) D:15            Zot (5/5) Depths:5

Altars:
Ashenzari
Cheibriados
Dithmenos
Elyvilon
Fedhas
Gozag
Hepliaklqana
Kikubaaqudgha
Makhleb
Nemelex Xobeh
Okawaru
Qazlal
Ru
Sif Muna
Trog
Uskayaw
Vehumet
Wu Jian
Xom
Yredelemnul
Zin
The Shining One
Beogh
Jiyva

Shops:
D:4 %   D:8 (   Orc:2 ?([[   Elf:1 *   Elf:2 (   Vaults:3 !   Vaults:4 :
Depths:4 (   Depths:5 }==

Portals:
Hell: Depths:1 Depths:2 Depths:4 Depths:5
Abyss: Depths:4 Depths:5
Pandemonium: Depths:2 Depths:3 Depths:4 Depths:5
Ziggurat: Depths:1
Bazaar: Depths:1

Annotations:
D:14 exclusion: downstairs
Lair:2 exclusion: downstairs
Lair:5 exclusion: downstairs
Swamp:2 exclusion: downstairs
Spider:2 Roxanne
Orc:1 2 transporters, Charmandara's ghost, novice MfBe
Elf:1 exclusion: fire elemental
Elf:2 2 runed translucent doors, exclusion: 2 doors
Elf:3 1 runed translucent door, Hedningen's ghost, adept DsFi
Vaults:3 2 runed translucent doors, Zeatecut's ghost, adept BaFi
Vaults:4 Sojobo
Depths:2 1 exclusion
Depths:3 2 exclusions
Zot:1 exclusion: 2 downstairs
Zot:2 2 transporters, exclusions: 2 death cobs, draconian annihilator, golden dragon and white draconian


Innate Abilities, Weirdness & Mutations

You are small and have problems with some larger weapons.
You are somewhat resistant to further mutation.
You are weak. (Str -2)


Message History

You hit the sixfirhy.
The sixfirhy looks as sick as possible!
You closely miss the sixfirhy. You barely miss the sixfirhy.
You block the sixfirhy's attack.
You hit the sixfirhy. You block the sixfirhy's attack. x2
You puncture the sixfirhy!
The sixfirhy looks as sick as possible!
You block the sixfirhy's attack. x2
You puncture the sixfirhy!
You kill the sixfirhy!
A blizzard demon comes into view.
You climb upwards.
There is a stone staircase leading down here.
There is an open door here.
You see here a whip.
There is a stone staircase leading up here.
You start resting.
An Ice Fiend comes into view.
The Ice Fiend roars!
You climb upwards.
There is a stone staircase leading down here.
An Orb Guardian comes into view.
You feel very mighty all of a sudden.
You puncture the Orb Guardian!
The Orb Guardian is poisoned.
You barely miss the Orb Guardian. The Orb Guardian hits you!!
You closely miss the Orb Guardian. You block the Orb Guardian's attack.
You completely miss the Orb Guardian. You miss the Orb Guardian.
The Orb Guardian hits you.
You puncture the Orb Guardian! You block the Orb Guardian's attack.
You puncture the Orb Guardian!
The Orb Guardian looks as sick as possible!
You hit the Orb Guardian but do no damage.
The Orb Guardian looks as sick as possible!
You block the Orb Guardian's attack.
You puncture the Orb Guardian!
The Orb Guardian looks as sick as possible!
You block the Orb Guardian's attack.
You hit the Orb Guardian.
The Orb Guardian hits you but does no damage.
You puncture the Orb Guardian!
The Orb Guardian looks as sick as possible!
You hit the Orb Guardian but do no damage.
The Orb Guardian looks as sick as possible!
The Orb Guardian hits you but does no damage.
You puncture the Orb Guardian!
You kill the Orb Guardian!
There is an open door here.
You enter the shallow water.
Moving in this stuff is going to be slow.
You feel a little less mighty now.
There is a staircase leading out of the dungeon here.
You have escaped!

###.#####.##.# #........
#.........##.# #.#.##.##
#.##.#######.# #.#..#.#
#.##..# #.# #.##.#.#
#.###'######.# #.##...#
#.#...#≈≈≈≈#.# #.###..#
#.#.#.#≈##≈#.#####.###..##
#.#.###≈≈≈≈#..............
#.#.≈≈#≈#@≈'.#####.###..##
#.###≈#≈#≈≈#.# #.###..##
#.###≈#≈##≈#.# #.##..>..
#.'.≈#≈#≈≈≈#.#####.##.####
############..............
#.#####.##.#### #.# #.##.#
### #.##.# #.##.#


There were no monsters in sight!

Vanquished Creatures
  An orb of fire (Zot:5)
  2 ancient liches
  Mennas (Depths:5)
  Mara (Spider:4)
  10 Killer Klowns
  Boris (Depths:5)
  4 curse toes
  6 golden dragons
  A Brimstone Fiend (Zot:5)
  A bone dragon (Depths:4)
  2 electric golems (Zot:5)
  13 tentacled monstrosities
  An iron giant (Zot:4)
  Jorgrun (D:15)
  An Ice Fiend (D:12)
  2 deep elf blademasters
  21 Orb Guardians
  8 quicksilver dragons
  A deep elf master archer (Elf:3)
  2 tentacled starspawn (Abyss:3)
  11 death cobs
  Agnes (Elf:1)
  3 sphinxes
  8 shadow dragons
  2 thorn hunters
  3 tengu reavers
  8 draconian monks
  An azure jelly (Zot:1)
  11 storm dragons
  6 ghost moths
  A daeva (Abyss:3)
  2 fire giants
  4 draconian knights
  13 vault wardens
  A balrug (Depths:3)
  Louise (Depths:4)
  A deep elf sorcerer (Vaults:4)
  5 frost giants
  5 draconian stormcallers
  4 emperor scorpions
  13 draconian scorchers
  A spriggan defender (Depths:3)
  4 deep elf elementalists
  4 draconian shifters
  6 ironheart preservers
  12 very ugly things
  A war gargoyle (Vaults:1)
  A corrupter (Abyss:3)
  23 stone giants
  4 draconian annihilators
  An angel (Abyss:3)
  A juggernaut zombie (Depths:2)
  8 green draconians
  7 entropy weavers
  2 vampire knights
  A lorocyproca (Depths:4)
  5 deep elf demonologists
  15 black draconians
  9 purple draconians
  12 white draconians
  5 dire elephants
  9 deep elf annihilators
  8 spark wasps
  12 red draconians
  8 yellow draconians
  Snorg (D:12)
  8 deep elf death magi
  13 fire dragons
  3 jiangshi
  8 yaktaur captains
  2 deep elf high priests (Elf:3)
  6 ettins
  The ghost of indyram44 the Basher, a journeyman MiBe of Trog (Lair:2)
  6 great orbs of eyes
  10 rakshasas
  6 ghost crabs
  A shambling mangrove (Swamp:1)
  17 ice dragons
  7 spriggan air magi
  13 hydras
  7 vault guards
  7 centaur warriors
  An anaconda (Lair:6)
  33 two-headed ogres
  14 ogre magi
  3 deep troll shamans
  3 tengu warriors
  A death yak (Elf:3)
  4 deep troll earth magi
  4 death knights
  2 vampire magi
  12 alligators
  12 dancing weapons
  A hell knight (Depths:2)
  2 spriggan berserkers
  The ghost of TwistedFlax the Lord of Darkness, a novice DrTm of Kikubaaqudgha (D:9)
  2 thrashing horrors (Abyss:3)
  23 deep elf knights
  A wretched star (Abyss:3)
  6 fire crabs (Lair:5)
  A skeletal warrior (Vaults:3)
  5 sun demons
  Sonja (D:10)
  2 shadow wraiths
  A spatial maelstrom (Abyss:3)
  4 glowing orange brains
  2 sixfirhies
  An infernal demonspawn (Abyss:3)
  A sea snake (Depths:3)
  3 wizards
  2 flayed ghosts
  2 shadow demons
  18 deep trolls
  13 deep elf archers
  2 spriggan druids (Swamp:4)
  An unseen horror (D:14)
  3 swamp dragons
  A lindwurm (Lair:6)
  2 torturous demonspawn
  11 ironbrand convokers
  7 orc knights
  4 necromancers
  A harpy (Depths:5)
  14 orb spiders
  5 spectral hydras (Swamp:3)
  46 deep elf magi
  2 human zombies
  4 manticores
  An orc sorcerer (Orc:1)
  35 moths of wrath
  4 oklob plants (Lair:6)
  36 ugly things
  28 wolf spiders
  25 elephants
  6 cyclopes
  2 black mambas
  Maurice (D:8)
  An apocalypse crab (Lair:5)
  A stone giant skeleton (Vaults:4)
  A guardian serpent (D:12)
  A moth of wrath (shapeshifter) (Elf:2)
  A worldbinder (Abyss:3)
  A rust devil (Depths:1)
  9 vault sentinels
  4 centaur zombies
  13 spiny frogs
  5 torpor snails
  3 rime drakes
  4 swamp worm zombies (Swamp:3)
  An efreet (D:14)
  2 orange demons
  8 komodo dragons
  6 freezing wraiths
  19 demonic crawlers
  30 yaktaurs
  A kobold demonologist (Abyss:3)
  2 ancient zymes (Abyss:3)
  A golden dragon simulacrum (Depths:2)
  2 ice devils
  3 tengu conjurers
  4 red devils
  An elf skeleton (Depths:2)
  3 hellwings
  6 trolls
  2 polar bears
  A queen bee (Depths:3)
  A queen bee (shapeshifter) (Vaults:4)
  19 hornets
  A meliai (Lair:5)
  A tengu simulacrum (Vaults:2)
  A hornet (shapeshifter) (Depths:3)
  37 jumping spiders
  3 tyrant leeches
  Grinder (D:5)
  13 bog bodies
  53 slime creatures
  7 dream sheep
  7 hippogriffs
  9 raiju
  12 blink frogs
  A spectral swamp dragon (Swamp:3)
  Prince Ribbit (D:8)
  4 shadows
  4 starcursed masses (Abyss:3)
  2 flying skulls (Abyss:3)
  An air elemental (Elf:3)
  A redback (shapeshifter) (Depths:1)
  72 redbacks
  9 spriggans
  8 wraiths
  4 tyrant leech zombies (Swamp:3)
  3 ynoxinuls
  A spriggan (shapeshifter) (D:13)
  41 tarantellas
  A tarantella (shapeshifter) (Depths:2)
  A fire bat (shapeshifter) (Vaults:2)
  10 water elementals
  38 yaks
  7 wyverns
  5 small abominations (Abyss:3)
  Eustachio (D:5)
  3 neqoxecs
  3 fire elementals
  3 large abominations
  A yaktaur simulacrum (Vaults:3)
  5 golden eyes (Abyss:3)
  9 vampire mosquitoes
  4 basilisks
  4 swamp worm simulacra (Swamp:4)
  19 insubstantial wisps
  15 swamp worms
  6 wargs
  3 acid dragons
  A floating eye (Depths:4)
  4 hell hounds (Depths:5)
  15 hydra simulacra (Swamp:4)
  5 spiny frog zombies (Swamp:3)
  14 water moccasins
  Duvessa (D:7)
  2 ice beasts
  25 orc warriors
  8 porcupines
  2 swamp drakes
  3 black bears
  A sky beast (D:15)
  An ettin simulacrum (Vaults:2)
  2 phantoms
  30 ogres
  5 necrophages (D:9)
  2 eyes of draining
  A wolf (Vaults:2)
  33 centaurs
  17 crocodiles
  A crocodile (shapeshifter) (Depths:4)
  A big kobold (D:12)
  9 bullfrogs
  2 human skeletons
  2 human simulacra
  A deep troll simulacrum (Vaults:1)
  3 wyvern skeletons
  5 scorpions
  Dowan (D:7)
  2 spriggan zombies (Swamp:3)
  2 water moccasin skeletons
  3 killer bees (D:8)
  10 electric eels
  24 wights
  10 crimson imps
  2 bullfrog zombies
  3 howler monkeys
  5 jellies
  5 quasits
  A bullfrog skeleton (D:8)
  4 hounds
  23 orc priests
  3 centaur skeletons
  An iron imp (Depths:2)
  Jessica (D:3)
  12 worker ants
  21 orc wizards
  6 hell rats
  A hound zombie (D:8)
  2 worker ant zombies
  A howler monkey skeleton (D:9)
  7 gnolls
  8 adders
  9 shadow imps
  5 white imps
  2 ufetubi (Depths:2)
  4 swamp drake simulacra (Swamp:4)
  An adder skeleton (D:4)
  3 adder zombies
  2 worms
  4 dart slugs
  7 leopard geckos
  90 orcs
  3 ball pythons
  8 bats
  5 giant cockroaches
  8 goblins
  3 hobgoblins
  2 jackals (D:2)
  7 quokkas
  A ball python skeleton (D:4)
  4 frilled lizards
  7 kobolds
  A leopard gecko skeleton (D:5)
  A quokka skeleton (D:5)
  11 rats
  6 bushes (Elf:3)
  4 fungi
  7 plants
  A withered plant (Swamp:3)
2032 creatures vanquished.

Vanquished Creatures (collateral kills)
  A juggernaut (Abyss:3)
  A quicksilver dragon (Zot:1)
  A storm dragon (Zot:1)
  An orc warlord (D:11)
  An angel (Abyss:3)
  Aizul (D:13)
  A very ugly thing (Swamp:1)
  A green draconian (Zot:1)
  3 dire elephants
  A white draconian (Zot:4)
  A vault guard (Vaults:4)
  An ice dragon (D:13)
  The ghost of Vireyriq the Grappler, a journeyman TrMo of Elyvilon (Lair:1)
  A ghost crab (Swamp:3)
  An alligator (Swamp:2)
  A death drake (Swamp:3)
  A spriggan druid (Swamp:2)
  An orc knight (Orc:2)
  2 spiny frogs (Lair:5)
  A freezing wraith (D:11)
  A troll (Orc:1)
  2 slime creatures (Swamp:1)
  4 dream sheep (Lair:6)
  A hippogriff (Lair:6)
  2 yaks
  A swamp worm (Swamp:2)
  A soldier ant (D:12)
  A water moccasin (D:7)
  An ice beast (D:6)
  5 orc warriors
  A necrophage (D:11)
  3 ogres (Orc:2)
  3 centaurs
  A scorpion (D:6)
  4 wights
  A howler monkey (D:3)
  A hound (D:5)
  3 orc priests
  3 orc wizards
  An iguana (D:4)
  3 worker ants
  3 adders
  3 worms
  12 orcs
  2 hobgoblins (D:1)
86 creatures vanquished.

Vanquished Creatures (others)
  2 Orb Guardians (Zot:5)
  An ophan (Abyss:3)
  2 alligators (Swamp:4)
  A two-headed ogre (D:15)
  A holy swine (Abyss:3)
  A torpor snail (Spider:2)
  A slime creature (Depths:3)
  A bog body (Swamp:4)
  A redback (Spider:2)
  A water elemental (Elf:1)
  2 yaks (D:12)
  A swamp drake (Swamp:2)
  A wight (D:11)
  4 ball lightnings
  An orc (Vaults:4)
  5 bushes (D:9)
  47 fungi
  46 plants
  4 starspawn tentacles (Abyss:3)
  3 withered plants (Swamp:3)
126 creatures vanquished.

Grand Total: 2244 creatures vanquished

Notes
Turn   | Place    | Note
-------+----------+-------------------------------------------
     0 | D:1      | micr0chasm the Halfling Wizard began the quest for the Orb.
     0 | D:1      | Reached XP level 1. HP: 11/11 MP: 3/3
   198 | D:1      | Reached skill level 1 in Conjurations
   277 | D:1      | Reached XP level 2. HP: 18/18 MP: 3/5
   458 | D:1      | Learned a level 2 spell: Call Imp
   924 | D:1      | Reached XP level 3. HP: 20/22 MP: 1/6
  1040 | D:1      | Reached skill level 1 in Fighting
  2388 | D:2      | Learned a level 2 spell: Blink
  2753 | D:2      | Reached XP level 4. HP: 20/28 MP: 0/7
  3324 | D:3      | Noticed Jessica
  3683 | D:3      | Found a shattered altar of Ashenzari.
  4252 | D:3      | Found a faded altar of an unknown god.
  4347 | D:3      | Killed Jessica
  4347 | D:3      | Reached skill level 1 in Slings
  4903 | D:4      | Noticed a centaur
  4934 | D:4      | Reached XP level 5. HP: 33/33 MP: 6/8
  4955 | D:4      | Learned a level 3 spell: Conjure Flame
  5727 | D:5      | Entered Level 5 of the Dungeon
  6242 | D:5      | Reached skill level 1 in Fire Magic
  6242 | D:5      | Reached XP level 6. HP: 14/39 MP: 3/9
  6474 | D:5      | Found a staircase to the Ecumenical Temple.
  6544 | Temple   | Entered the Ecumenical Temple
  6801 | Temple   | Upgraded the game from 0.24-a0-654-g80d7c3d to
                  | 0.24-a0-696-gd18775d
  6808 | Temple   | Became a worshipper of Nemelex Xobeh the Trickster
  6870 | D:5      | Noticed Grinder
  6873 | D:5      | Killed Grinder
  6873 | D:5      | Reached skill level 2 in Fighting
  6873 | D:5      | Reached XP level 7. HP: 45/45 MP: 10/10
  7037 | D:5      | Received a gift from Nemelex Xobeh
  7560 | D:5      | Noticed Eustachio
  8226 | D:4      | Reached skill level 3 in Fighting
  8226 | D:4      | Reached skill level 1 in Invocations
  8551 | D:4      | Reached XP level 8. HP: 52/52 MP: 5/11
  9009 | D:4      | Found Biogra's Food Shop.
  9372 | D:5      | Reached skill level 5 in Slings
  9955 | D:6      | Reached skill level 5 in Dodging
 10440 | D:6      | Learned a level 3 spell: Mephitic Cloud
 10517 | D:6      | Reached skill level 4 in Fighting
 10783 | D:6      | Reached skill level 1 in Air Magic
 10783 | D:6      | Reached skill level 1 in Poison Magic
 10783 | D:6      | Reached XP level 9. HP: 58/58 MP: 12/12
 11914 | D:6      | Reached * piety under Nemelex Xobeh
 13114 | D:7      | Noticed Dowan
 13607 | D:7      | Killed Dowan
 13878 | D:7      | Received a gift from Nemelex Xobeh
 14386 | D:7      | Reached skill level 5 in Fighting
 14636 | D:8      | Noticed Maurice
 14755 | D:8      | Reached skill level 5 in Invocations
 14756 | D:8      | Found Ryhumyme's Antique Weapon Shop.
 14891 | D:8      | Bought a runed hunting sling for 139 gold pieces
 14983 | D:7      | Noticed Duvessa
 15022 | D:7      | Killed Duvessa
 15279 | D:6      | Reached XP level 10. HP: 66/66 MP: 14/14
 15312 | D:6      | Learned a level 1 spell: Animate Skeleton
 15522 | D:5      | Killed Eustachio
 15522 | D:5      | Reached skill level 1 in Armour
 17055 | D:8      | Killed Maurice
 17055 | D:8      | Reached skill level 6 in Fighting
 17078 | D:8      | Found a staircase to the Lair.
 17212 | D:8      | Identified the +5 plate armour of Vlad {rF+ rN+}
 17330 | D:8      | Noticed Prince Ribbit
 17469 | D:8      | Killed Prince Ribbit
 17731 | D:8      | Found a sparkling altar of Nemelex Xobeh.
 18710 | D:9      | Found a runed translucent gate.
 18710 | D:9      | Found a runed translucent gate.
 18710 | D:9      | Found a runed translucent gate.
 18738 | D:9      | Noticed TwistedFlax's ghost (novice DrTm)
 18787 | D:9      | Reached skill level 10 in Slings
 19216 | D:9      | Reached XP level 11. HP: 63/74 MP: 16/16
 19294 | D:9      | Noticed a two-headed ogre
 19314 | D:9      | Killed a two-headed ogre
 19314 | D:9      | Reached skill level 5 in Armour
 19320 | D:9      | Reached skill level 7 in Fighting
 19547 | D:9      | Found a shattered altar of Ashenzari.
 19592 | D:9      | Found a blossoming altar of Fedhas.
 19732 | D:10     | Entered Level 10 of the Dungeon
 19753 | D:10     | Noticed a two-headed ogre
 19790 | D:10     | Noticed a two-headed ogre
 19852 | D:10     | a two-headed ogre changed into a dream sheep
 19881 | D:10     | Reached ** piety under Nemelex Xobeh
 19907 | D:10     | Noticed a deep elf mage
 19955 | D:10     | You fall into a shaft and drop 1 floor!
 19958 | D:11     | Received a gift from Nemelex Xobeh
 19993 | D:11     | You fall into a shaft and drop 2 floors!
 20031 | D:13     | Learned a level 1 spell: Confusing Touch
 20079 | D:13     | Noticed a manticore
 20546 | Lair:1   | Entered Level 1 of the Lair of Beasts
 21501 | Lair:1   | Noticed Vireyriq's ghost (journeyman TrMo)
 21504 | Lair:1   | Found a runed translucent door.
 21733 | Lair:1   | Reached *** piety under Nemelex Xobeh
 21775 | Lair:1   | Got a scorched steel amulet
 21794 | Lair:1   | Received a gift from Nemelex Xobeh
 22219 | Lair:1   | Reached XP level 12. HP: 82/82 MP: 18/18
 22375 | Lair:1   | Reached skill level 8 in Fighting
 23196 | Lair:2   | Got a brightly glowing war axe
 23248 | Lair:2   | Identified the amulet of the Equinox {Acrobat +Inv Dex+5}
                  | (You found it on level 1 of the Lair of Beasts)
 23552 | Lair:2   | Found a runed translucent door.
 23556 | Lair:2   | Got a faintly humming chain mail
 23718 | Lair:2   | Noticed indyram44's ghost (journeyman MiBe)
 23763 | Lair:3   | Reached skill level 1 in Evocations
 23781 | Lair:3   | Received a gift from Nemelex Xobeh
 24024 | Lair:3   | Noticed a six-headed hydra
 24482 | Lair:3   | Found a hole to the Spider Nest.
 24554 | Lair:3   | Reached **** piety under Nemelex Xobeh
 24589 | Lair:3   | Received a gift from Nemelex Xobeh
 24717 | Lair:3   | Killed a six-headed hydra
 25388 | Lair:4   | Found a staircase to the Swamp.
 25439 | Lair:4   | Received a gift from Nemelex Xobeh
 25986 | Lair:4   | Reached skill level 9 in Fighting
 26069 | Lair:4   | Received a gift from Nemelex Xobeh
 26283 | Lair:4   | Noticed an eight-headed hydra
 26304 | Lair:4   | Killed an eight-headed hydra
 26304 | Lair:4   | Reached XP level 13. HP: 90/90 MP: 14/19
 26677 | Lair:5   | Found a runed translucent door.
 27078 | Lair:5   | Received a gift from Nemelex Xobeh
 27410 | Lair:5   | Reached ***** piety under Nemelex Xobeh
 27848 | Lair:5   | Noticed a seven-headed hydra
 27878 | Lair:5   | Killed a seven-headed hydra
 28132 | Lair:5   | Reached skill level 5 in Evocations
 28392 | Lair:6   | Entered Level 6 of the Lair of Beasts
 29555 | Lair:6   | Received a gift from Nemelex Xobeh
 29606 | Lair:6   | Reached skill level 10 in Fighting
 29944 | Lair:5   | Reached skill level 10 in Armour
 30083 | Lair:6   | Reached XP level 14. HP: 99/99 MP: 21/21
 30374 | Lair:6   | Found a staircase to the Slime Pits.
 30378 | Lair:6   | Got a translucent scale mail
 30379 | Lair:6   | Found a viscous altar of Jiyva.
 30693 | Lair:6   | Reached skill level 5 in Spellcasting
 31617 | Lair:6   | Found a staircase to the Slime Pits.
 31618 | Lair:6   | Found a viscous altar of Jiyva.
 32166 | Lair:6   | Noticed a dire elephant
 32166 | Lair:6   | Noticed a dire elephant
 32170 | Lair:6   | Noticed a dire elephant
 32307 | Lair:6   | Noticed a dire elephant
 32911 | D:10     | Identified the +1 scale mail of Inference {rN+ Str+2} (You
                  | found it on level 6 of the Lair of Beasts)
 33004 | D:10     | Noticed Sonja
 33476 | D:10     | Reached skill level 10 in Dodging
 33736 | D:11     | Received a gift from Nemelex Xobeh
 34518 | D:12     | Found a staircase to the Orcish Mines.
 34613 | D:12     | Received a gift from Nemelex Xobeh
 34693 | D:12     | Noticed Snorg
 34778 | D:12     | Reached skill level 11 in Fighting
 34865 | D:12     | Killed Snorg
 35434 | D:13     | Found a shimmering altar of Xom.
 35472 | D:13     | Learned a level 4 spell: Passage of Golubria
 35938 | D:13     | Got an iridescent morningstar
 36140 | D:13     | Received a gift from Nemelex Xobeh
 36380 | Orc:1    | Entered Level 1 of the Orcish Mines
 36380 | Orc:1    | Found a roughly hewn altar of Beogh.
 36572 | Orc:1    | You fall into a shaft and drop 1 floor!
 36572 | Orc:2    | Entered Level 2 of the Orcish Mines
 36868 | Orc:1    | Found a transporter.
 36870 | Orc:1    | Found a transporter.
 36877 | Orc:1    | Received a gift from Nemelex Xobeh
 37044 | Orc:1    | Found a bloodstained altar of Trog.
 37044 | Orc:1    | Identified the +6 scimitar of the Middle {speed, rF+ Dex-3
                  | SInv}
 37044 | Orc:1    | Noticed Charmandara's ghost (novice MfBe)
 37067 | Orc:1    | Identified the ring of the Raven {Fire Dex+5}
 37558 | Orc:2    | Found a staircase to the Elven Halls.
 37580 | Orc:2    | Found a roughly hewn altar of Beogh.
 37800 | Orc:2    | Reached XP level 15. HP: 107/107 MP: 22/22
 38130 | Orc:2    | Found a roughly hewn altar of Beogh.
 38227 | Orc:2    | Found a roughly hewn altar of Beogh.
 38243 | Orc:2    | Found Yruj's Antique Armour Boutique.
 38432 | Orc:2    | Reached skill level 5 in Translocations
 38593 | Orc:2    | Noticed an orc warlord
 38738 | D:11     | Killed an orc warlord
 38968 | Orc:2    | Found Remep's Antique Weapon Emporium.
 38970 | Orc:2    | Found a roughly hewn altar of Beogh.
 38976 | Orc:2    | Found Feapn's Antique Armour Shoppe.
 39164 | Orc:2    | Found a roughly hewn altar of Beogh.
 39296 | Orc:2    | Found Vafos's Magic Scroll Shoppe.
 39385 | Orc:2    | Bought black opal-encrusted quicksilver dragon scales for
                  | 1690 gold pieces
 39395 | Orc:2    | Identified the quicksilver dragon scales of the Burgomaster
                  | {rF- rN++ MR+} (You bought it in a shop on level 2 of the
                  | Orcish Mines)
 40023 | D:13     | Found a gate to the Vaults.
 40156 | D:13     | Received a gift from Nemelex Xobeh
 40686 | D:14     | Reached ****** piety under Nemelex Xobeh
 42066 | D:15     | Entered Level 15 of the Dungeon
 42066 | D:15     | Received a gift from Nemelex Xobeh
 42264 | D:15     | Reached skill level 12 in Fighting
 42400 | D:15     | Noticed Jorgrun
 42440 | D:15     | Received a gift from Nemelex Xobeh
 43028 | D:15     | Identified the -1 trident "Kitodid" {pierce, rElec}
 43033 | D:15     | Killed Jorgrun
 43652 | D:14     | Reached XP level 16. HP: 47/115 MP: 17/23
 44072 | D:15     | Found a staircase to the Depths.
 44483 | Orc:2    | Bought a pair of polished boots for 247 gold pieces
 44493 | Orc:2    | Identified the +1 pair of boots of Uligic {MP+9 SInv
                  | Stlth-} (You bought it in a shop on level 2 of the Orcish
                  | Mines)
 44723 | Swamp:1  | Entered Level 1 of the Swamp
 44726 | Swamp:1  | Learned a level 1 spell: Summon Butterflies
 45204 | Swamp:1  | Reached skill level 5 in Stealth
 45737 | Swamp:1  | Received a gift from Nemelex Xobeh
 46419 | Swamp:1  | Noticed a thorn hunter
 46419 | Swamp:1  | a shambling mangrove changed into a thorn hunter
 46422 | Swamp:1  | Killed a thorn hunter
 48494 | Swamp:2  | Reached skill level 10 in Invocations
 49409 | Lair:6   | Received a gift from Nemelex Xobeh
 49734 | Lair:6   | Identified Raelleed's Disquisition on Orientation and
                  | Unholy Rituals
 50163 | Lair:5   | Reached skill level 13 in Fighting
 53828 | Lair:6   | Learned a level 1 spell: Apportation
 53964 | Lair:6   | Upgraded the game from 0.24-a0-696-gd18775d to
                  | 0.24-a0-702-gaeb99fb
 54148 | Swamp:2  | Reached skill level 1 in Short Blades
 54392 | Swamp:2  | Noticed a thorn hunter
 54426 | Swamp:2  | Killed a thorn hunter
 55431 | Swamp:3  | Reached skill level 5 in Short Blades
 55431 | Swamp:3  | Reached XP level 17. HP: 64/122 MP: 24/24
 55668 | Swamp:3  | Upgraded the game from 0.24-a0-702-gaeb99fb to
                  | 0.24-a0-760-g74cc3ae
 55722 | Swamp:3  | Got a bloodstained scale mail
 55723 | Swamp:3  | Identified the +2 scale mail of Calculation {Regen+} (You
                  | found it on level 3 of the Swamp)
 59229 | Swamp:2  | Identified the +0 long sword of Gannuwug {slice, rC+}
 60249 | Swamp:3  | Received a gift from Nemelex Xobeh
 60893 | Swamp:3  | Identified the amulet of Mistrust {Harm *Drain Str-5 Int+2
                  | SInv Stlth+} (You found it on level 3 of the Swamp)
 61130 | Swamp:3  | HP: 4/120 [spectral eight-headed hydra (3)]
 61814 | Swamp:3  | Reached skill level 10 in Short Blades
 62019 | Swamp:3  | Got a pair of jewelled boots
 62040 | Swamp:3  | Identified the cursed +0 pair of boots of Mirth {*Drain
                  | rCorr SInv Stlth+} (You found it on level 3 of the Swamp)
 62157 | Swamp:4  | Entered Level 4 of the Swamp
 62359 | Spider:1 | Entered Level 1 of the Spider Nest
 62844 | Spider:1 | Found a roughly hewn altar of Beogh.
 63659 | Spider:1 | Received a gift from Nemelex Xobeh
 64013 | Spider:2 | Found the cursed necklace of Bloodlust {*Rage +Rage MR++
                  | Int-3 Slay+6 *Curse}
 64456 | Spider:2 | Received a gift from Nemelex Xobeh
 64457 | Spider:2 | Identified Roxanne's Disquisition on Changing
 64457 | Spider:2 | Noticed Roxanne
 65733 | Spider:2 | You fall into a shaft and drop 1 floor!
 65741 | Spider:3 | Reached XP level 18. HP: 128/128 MP: 25/25
 65994 | Spider:3 | Received a gift from Nemelex Xobeh
 67063 | Spider:3 | Received a gift from Nemelex Xobeh
 67632 | Spider:3 | Received a gift from Nemelex Xobeh
 68622 | Spider:4 | Entered Level 4 of the Spider Nest
 68816 | Spider:4 | Noticed Mara
 68959 | Spider:4 | Noticed Arachne
 68967 | Spider:4 | Noticed Arachne
 68967 | Spider:4 | Arachne changed into Arachne the quicksilver dragon
 68989 | Spider:3 | Killed Arachne the quicksilver dragon
 69403 | Lair:3   | Upgraded the game from 0.24-a0-760-g74cc3ae to
                  | 0.24-a0-762-gca426f5
 69953 | Orc:2    | Bought a scroll of fear for 42 gold pieces
 69953 | Orc:2    | Bought a scroll of teleportation for 36 gold pieces
 69953 | Orc:2    | Bought a scroll of enchant weapon for 90 gold pieces
 69953 | Orc:2    | Bought a scroll of fog for 24 gold pieces
 69953 | Orc:2    | Bought a scroll of teleportation for 36 gold pieces
 70253 | Swamp:4  | Received a gift from Nemelex Xobeh
 72886 | Swamp:4  | Got a scorched great sword
 73131 | Swamp:4  | Got a decaying rune of Zot
 73684 | Vaults:1 | Entered Level 1 of the Vaults
 74397 | Vaults:1 | Noticed Aizul
 74437 | D:13     | HP: 3/130 [Aizul/bolt of poison (5)]
 74812 | D:13     | Killed Aizul
 75112 | D:13     | Reached XP level 19. HP: 81/135 MP: 27/27
 75632 | Vaults:1 | Reached skill level 15 in Armour
 76671 | Elf:1    | Entered Level 1 of the Elven Halls
 76671 | Elf:1    | Received a gift from Nemelex Xobeh
 77307 | Elf:1    | Reached skill level 14 in Fighting
 77533 | Elf:1    | Noticed Agnes
 77607 | Elf:1    | Killed Agnes
 77856 | Elf:1    | Found Ykugreij's Assorted Antiques.
 77864 | Elf:1    | Bought a potion of curing for 90 gold pieces
 77864 | Elf:1    | Bought a glowing helmet for 225 gold pieces
 77864 | Elf:1    | Bought a tiny steel amulet for 150 gold pieces
 78303 | Elf:1    | Received a gift from Nemelex Xobeh
 79666 | Elf:2    | Found Mutuletu's Weapon Emporium.
 80040 | Elf:2    | Received a gift from Nemelex Xobeh
 80843 | Elf:2    | Reached skill level 15 in Dodging
 81728 | Elf:2    | Found a runed translucent door.
 81757 | Elf:2    | Found a runed translucent door.
 82447 | Elf:3    | Entered Level 3 of the Elven Halls
 82453 | Elf:3    | Found a runed translucent door.
 82455 | Elf:3    | Noticed Hedningen's ghost (adept DsFi)
 82456 | Elf:3    | Received a gift from Nemelex Xobeh
 82533 | Elf:3    | Identified the cursed +0 helmet of the Past {*Corrode rN+
                  | MR+++ Int+3} (You found it on level 3 of the Elven Halls)
 82556 | Elf:3    | Upgraded the game from 0.24-a0-762-gca426f5 to
                  | 0.24-a0-769-g368c164
 83570 | Elf:3    | Identified the +1 morningstar of Mutilation {flame, rPois
                  | MR+}
 83570 | Elf:3    | Identified the amulet "Wacowac" {Reflect +Inv MR+ SH+5}
 83617 | Elf:2    | Reached XP level 20. HP: 129/144 MP: 30/30
 83683 | Elf:3    | Identified the +6 dire flail "Toakhiq" {crush, +Rage rC+
                  | Int-3 Stlth+}
 83683 | Elf:3    | Identified the ring of Rimpim {rPois rN+ Str-4 Dex+7
                  | Stlth-}
 84938 | Elf:3    | Identified the +0 leather armour "Magu" {rN+ SInv}
 84964 | Elf:3    | Reached skill level 15 in Fighting
 85540 | Elf:3    | Found a runed translucent door.
 85854 | Elf:3    | Identified a scroll of acquirement
 86270 | Elf:2    | Reached skill level 1 in Shields
 86761 | Elf:3    | Identified the +3 chain mail of Snakes and Ladders {Str+2}
 87194 | Elf:3    | Found the +8 storm bow {elec, penet}
 87333 | Elf:3    | Identified the Handbook of Conjuration
 87637 | D:13     | Reached skill level 5 in Shields
 87765 | Vaults:1 | Received a gift from Nemelex Xobeh
 88892 | Vaults:1 | You fall into a shaft and drop 1 floor!
 88892 | Vaults:2 | Received a gift from Nemelex Xobeh
 90736 | Vaults:2 | Noticed a Brimstone Fiend
 90738 | Vaults:2 | Reached XP level 21. HP: 91/151 MP: 31/31
 91646 | Vaults:2 | Learned a level 8 spell: Disjunction
 91847 | Vaults:2 | Received a gift from Nemelex Xobeh
 91899 | Vaults:2 | Reached skill level 10 in Shields
 93817 | Vaults:3 | Received a gift from Nemelex Xobeh
 95056 | Vaults:3 | Found a staircase to the Crypt.
 95150 | Vaults:3 | Found a large runed translucent door.
 95150 | Vaults:3 | Found a large runed translucent door.
 95150 | Vaults:3 | Noticed Zeatecut's ghost (adept BaFi)
 95187 | Vaults:3 | Received a gift from Nemelex Xobeh
 95338 | Vaults:3 | Found Nayw Yteuro's Distillery.
 95354 | Vaults:3 | Bought a potion of heal wounds for 115 gold pieces
 95354 | Vaults:3 | Bought a potion of heal wounds for 115 gold pieces
 95354 | Vaults:3 | Bought a potion of heal wounds for 115 gold pieces
 95354 | Vaults:3 | Bought a potion of heal wounds for 115 gold pieces
 96927 | Vaults:4 | Identified the +6 dagger "Eckiq" {pierce, +Fly rF+ rC++}
                  | (You found it on level 4 of the Vaults)
 97087 | Vaults:4 | Found Qaher's Book Shoppe.
 97166 | Vaults:4 | Reached XP level 22. HP: 139/157 MP: 32/32
 97808 | Vaults:4 | Noticed an ancient lich
 97867 | Vaults:3 | Killed an ancient lich
 98162 | Vaults:4 | Received a gift from Nemelex Xobeh
 98853 | Vaults:4 | Reached skill level 10 in Evocations
 99285 | Vaults:4 | Noticed Sojobo
100401 | Depths:1 | Entered Level 1 of the Depths
101076 | Depths:1 | Received a gift from Nemelex Xobeh
101113 | Depths:1 | Found a gateway to a ziggurat.
101144 | Depths:1 | Upgraded the game from 0.24-a0-769-g368c164 to
                  | 0.24-a0-778-g74da537
101197 | Depths:1 | Found a gateway to Hell.
101666 | Depths:1 | Reached skill level 15 in Shields
101864 | Depths:1 | Found a gateway to a bazaar.
103573 | Depths:1 | Received a gift from Nemelex Xobeh
104680 | Depths:2 | Received a gift from Nemelex Xobeh
105028 | Depths:2 | Reached XP level 23. HP: 135/162 MP: 33/33
105301 | Depths:2 | Found a one-way gate leading to the halls of Pandemonium.
105784 | Depths:2 | You fall into a shaft and drop 2 floors!
106255 | Depths:4 | Got a smoking ring mail
106256 | Depths:4 | Identified the +3 ring mail of Thoughtfulness {rPois rF-
                  | Regen+ rCorr} (You found it on level 4 of the Depths)
106860 | Depths:2 | You fall into a shaft and drop 1 floor!
107792 | Depths:2 | Identified the +7 scimitar "Faolishe" {freeze, Stlth+}
107792 | Depths:2 | Noticed a juggernaut
107873 | Depths:3 | Found a glowing golden altar of the Shining One.
108645 | Depths:3 | Received a gift from Nemelex Xobeh
108854 | Depths:3 | Received a gift from Nemelex Xobeh
109452 | Depths:4 | Paralysed by a floating eye for 3 turns
109460 | Depths:4 | Paralysed by a floating eye for 2 turns
109936 | Depths:4 | Received a gift from Nemelex Xobeh
109959 | Depths:4 | Found a one-way gate to the infinite horrors of the Abyss.
110576 | Depths:4 | Found Biplaov's Antique Weapon Emporium.
110889 | Depths:5 | Entered Level 5 of the Depths
110900 | Depths:5 | Received a gift from Nemelex Xobeh
110954 | Depths:5 | Noticed Louise
110957 | Depths:5 | Noticed Mennas
110995 | Depths:4 | Killed Louise
112500 | Depths:5 | Noticed a golden dragon
112536 | Depths:4 | Killed a golden dragon
112536 | Depths:4 | Reached XP level 24. HP: 119/169 MP: 33/33
112730 | Depths:5 | Found a gate to the Realm of Zot.
112791 | Depths:5 | Found Etah Ves's Jewellery Boutique.
112793 | Depths:5 | Found Tuskeriv's Gadget Emporium.
112795 | Depths:5 | Found Muetumn's Jewellery Boutique.
112803 | Depths:5 | Bought a wand of digging (7) for 286 gold pieces
112805 | Depths:5 | Upgraded the game from 0.24-a0-778-g74da537 to
                  | 0.24-a0-781-g048a31f
112805 | Depths:5 | Bought an uncursed ring of protection from cold for 325
                  | gold pieces
112811 | Depths:5 | Bought an uncursed ring of fire for 600 gold pieces
113175 | Depths:5 | Noticed Boris
113315 | Depths:5 | Killed Boris
114181 | Depths:5 | Killed Mennas
115339 | Spider:4 | Noticed micr0chasm's illusion
115495 | Spider:4 | Killed Mara
115610 | Spider:4 | Received a gift from Nemelex Xobeh
116568 | Spider:4 | Received a gift from Nemelex Xobeh
116578 | Spider:4 | Identified the +7 dagger of Beyond {speed, MR+ Str+2 SInv}
                  | (You found it on level 4 of the Spider Nest)
117593 | Spider:4 | Got a gossamer rune of Zot
118173 | Depths:4 | Voluntarily entered the Abyss.
118297 | Abyss:1  | Found a corrupted altar of Lugonu.
118325 | Abyss:2  | Received a gift from Nemelex Xobeh
118332 | Crypt:3  | Entered Level 3 of the Crypt
118649 | Abyss:3  | Found a snail-covered altar of Cheibriados.
119365 | Abyss:3  | Found a corrupted altar of Lugonu.
119365 | Abyss:3  | Received a gift from Nemelex Xobeh
119922 | Abyss:3  | Found a glowing golden altar of the Shining One.
119927 | Abyss:3  | Noticed a juggernaut
119945 | Abyss:3  | Killed a juggernaut
119945 | Abyss:3  | Reached XP level 25. HP: 151/175 MP: 29/33
119975 | Abyss:3  | Got an abyssal rune of Zot
120047 | Abyss:3  | Found a corrupted altar of Lugonu.
120071 | Depths:4 | Escaped the Abyss
120128 | Zot:1    | Entered Level 1 of the Realm of Zot
120345 | Zot:1    | Received a gift from Nemelex Xobeh
122773 | Zot:2    | Received a gift from Nemelex Xobeh
123318 | Zot:1    | Reached skill level 15 in Evocations
123745 | Zot:2    | Reached skill level 16 in Fighting
125649 | Zot:2    | Noticed a Killer Klown
125670 | Zot:2    | Killed a Killer Klown
125970 | Zot:2    | Found a transporter.
125971 | Zot:2    | Found the +0 mask of the Dragon {MR+ Slay+3 SInv}
125971 | Zot:2    | Found the amulet of the Air {Inacc +Fly rElec EV+5 RMsl}
125996 | Zot:2    | Found a transporter.
127161 | Zot:3    | Noticed a curse toe
127167 | Zot:3    | Noticed a Killer Klown
127465 | Zot:2    | Killed a curse toe
127859 | Zot:3    | Reached XP level 26. HP: 185/185 MP: 34/34
127882 | Zot:3    | Received a gift from Nemelex Xobeh
127920 | Zot:2    | Reached skill level 15 in Invocations
129504 | Zot:2    | Reached skill level 17 in Fighting
131350 | Zot:3    | Killed a Killer Klown
131984 | Zot:3    | Received a gift from Nemelex Xobeh
136391 | Zot:4    | Reached skill level 18 in Fighting
137368 | Zot:4    | Reached XP level 27. HP: 164/195 MP: 35/35
137555 | Zot:4    | Received a gift from Nemelex Xobeh
137734 | Zot:4    | Received a gift from Nemelex Xobeh
137807 | Zot:4    | Identified the +2 demon trident of Temperance {freeze,
                  | Dex+3}
138835 | Zot:5    | Entered Level 5 of the Realm of Zot
138859 | Zot:5    | Noticed a Killer Klown
138859 | Zot:5    | Noticed a Killer Klown
138859 | Zot:5    | Noticed a Killer Klown
138859 | Zot:5    | Noticed a Killer Klown
138859 | Zot:5    | Noticed a Killer Klown
138859 | Zot:5    | Noticed an orb of fire
138874 | Zot:5    | Noticed an orb of fire
138939 | Zot:5    | Noticed a Killer Klown
138976 | Zot:5    | Killed a Killer Klown
139091 | Zot:5    | Received a gift from Nemelex Xobeh
139461 | Zot:4    | Upgraded the game from 0.24-a0-781-g048a31f to
                  | 0.24-a0-788-g2b66604
140879 | Zot:5    | Noticed a Killer Klown
140925 | Zot:5    | Killed a Killer Klown
141178 | Zot:5    | Reached skill level 19 in Fighting
141212 | Zot:5    | Killed a Killer Klown
143795 | D:9      | Killed TwistedFlax's ghost
143899 | D:10     | Killed Sonja
144030 | Lair:1   | Killed Vireyriq's ghost
144146 | Lair:2   | Killed indyram44's ghost
145879 | Depths:1 | Reached skill level 20 in Fighting
146706 | Orc:2    | Bought a glowing scale mail for 182 gold pieces
146706 | Orc:2    | Bought a runed ring mail for 182 gold pieces
146793 | Orc:2    | Bought an ancient chain mail for 256 gold pieces
146793 | Orc:2    | Identified the +5 chain mail "Lyrel" {+Inv MR+ Str+3} (You
                  | bought it in a shop on level 2 of the Orcish Mines)
147283 | Zot:5    | Killed a Killer Klown
148206 | Zot:5    | Killed a Killer Klown
149097 | Zot:5    | Gained mutation: You are weak. (Str -2) [an orb of fire]
149122 | Zot:5    | Killed an orb of fire
150056 | Zot:4    | Killed a Killer Klown
150287 | Zot:4    | Killed a Killer Klown
151433 | Zot:5    | Noticed a Killer Klown
151517 | Zot:5    | Killed a Killer Klown
151566 | Zot:5    | Noticed an ancient lich
151593 | Zot:5    | Killed an ancient lich
151593 | Zot:5    | Reached skill level 21 in Fighting
155698 | Zot:5    | Identified the -1 quarterstaff of the Skies Above {crush,
                  | +Rage rElec rN+ SInv}
155973 | Zot:5    | Got the Orb of Zot
156034 | Zot:5    | Noticed Coilygg the pandemonium lord
156234 | Depths:4 | Reached skill level 22 in Fighting
156483 | D:10     | Noticed Yfeorr the pandemonium lord
156991 | D:$      | Escaped with the Orb!

Levels and vault maps discovered:
D:1:      ncdulo_wetmaze, layout_basic
D:2:      layout_basic
D:3:      layout_rooms, first_ration, chequers_ecumenical_altar_grove,
          lemuel_tele_altar, uniq_jessica
D:4:      layout_gridville, serial_shops, nicolae_shop_behind_doors
D:5:      layout_loops_ring, minmay_temple_entry_mini_moons, uniq_grinder,
          uniq_eustachio
D:6:      layout_gridville
D:7:      minmay_inner_zag, layout_basic, uniq_duvessa
D:8:      layout_layer_cave, due_lair_maze_entry_diamond, serial_shops, shop,
          basic_altar, uniq_maurice, uniq_prince_ribbit1
D:9:      layout_small_grid, marbit_many_paths, gammafunk_ghost_spectres,
          grunt_ogre_cave, minivault_19, fedhas_altar_decomposition
D:10:     layout_stronghold, uniq_sonja
D:11:     layout_small_grid
D:12:     layout_roguey, orc_0_dummy, uniq_snorg
D:13:     layout_basic, david_vaults_5, basic_altar, serial_bayou,
          serial_bayou_pond_e, serial_bayou_lagoon_b, serial_bayou_crossing,
          serial_bayou_pond_e, small_chamber_with_monster
D:14:     layout_irregular_city, minmay_misc_feat_more_columns, drop_trap
D:15:     hangedman_depths_entry_civil_slaughter, layout_irregular_city,
          minmay_parallelograms, uniq_jorgrun
Temple:   nicolae_temple_the_god_donut
Lair:1:   layout_regular_city, hellmonk_ghost_happy_afterlife,
          portal_ice_cave_demonic_guard
Lair:2:   layout_gridlike, ebering_ghost_reflecting_pool
Lair:3:   layout_small_grid, spider_nest_entry_rubble
Lair:4:   layout_gridlike, swamp_mist
Lair:5:   gammafunk_mikee_crab_dinner, layout_cave_pods, dpeg_stationary_puzzle
Lair:6:   due_jungle_book, layout_concentric_octagons, slime_altar_1,
          grunt_forest_large_clearing_hut, infiniplex_staircase_pool,
          minmay_lair_oklob_chamber, grunt_megastairs_4
Swamp:1:  layout_falls_marsh, nicolae_swamp_very_dense_foliage
Swamp:2:  layout_falls_marsh, infiniplex_staircase_pool_2
Swamp:3:  cheibrodos_swamp_mausoleum, layout_basic_swamp,
          evilmike_swamp_ruin_house_2
Swamp:4:  swamp_icy, layout_basic_swamp, swamp_pool3
Spider:1: nicolae_spider_mines_2, drop_trap
Spider:2: layout_spider_delve, uniq_roxanne
Spider:3: layout_chambers
Spider:4: spider_rune_water, uniq_mara, uniq_arachne
Orc:1:    layout_caves, gammafunk_ghost_wrathful_warriors, basic_altar
Orc:2:    grunt_orc_community_town_hall, layout_diamond_mine,
          grunt_orc_community_big_house_1, grunt_orc_community_big_house_2,
          grunt_orc_community_house_2, grunt_orc_community_house_2,
          grunt_orc_community_house_2, grunt_orc_community_house_3
Elf:1:    layout_loops_corners, serial_shops, shop, evilmike_minifort,
          grunt_ministairs_13, uniq_agnes
Elf:2:    layout_onion_city, serial_shops, nicolae_shop_waterfront
Elf:3:    elf_hall, layout_geoelf_diagonals, ebering_ghost_reflecting_pool
Vaults:1: nicolae_vaults_little_squares_2, nicolae_vaults_circle_grid_b,
          nicolae_vaults_big_angled_halls, vaults_standard_mumra_lines,
          v_misc_23, ontoclasm_vaults_spin, v_misc_18, ontoclasm_vaults_gallery,
          nicolae_vaults_circle_grid_b, v_misc_15, v_misc_33,
          grunt_vaults_funnel, vaults_room_door_ring, nicolae_vaults_alarming,
          vaults_dpeg_encased_lava, layout_vaults_omnibox, uniq_aizul
Vaults:2: vaults_dpeg_diagonal, vaults_room_fancy_cross, v_misc_28,
          ontoclasm_vaults_chip, vaults_room_grid,
          nicolae_vaults_border_crossing, vaults_standard_mumra_x, v_misc_23,
          nicolae_vaults_display_case, vaults_room_grid, vaults_room_pool,
          vaults_room_door_ring, vaults_room_semicircle,
          layout_vaults_chaotic_city
Vaults:3: advil_vaults_ghost_guards, vaults_room_large_hall, v_misc_31,
          minmay_crypt_entry_simple_statues, v_pattern_4,
          ontoclasm_vaults_loading_screen, layout_vaults_omnigrid, serial_shops,
          shop
Vaults:4: v_misc_26, nicolae_vaults_stairing_the_circle, ontoclasm_vaults_idyll,
          nicolae_vaults_network_s, ontoclasm_vaults_shout, v_misc_30,
          v_misc_15, v_misc_33, v_misc_4, v_misc_14, vaults_room_octagon,
          nicolae_vaults_rhombus_6, layout_vaults_maze_snakey, serial_shops,
          shop, uniq_sojobo
Depths:1: layout_gridlike, enter_ziggurat_e, serial_shops, bzr_in_the_mist,
          hell_entry, dk_noncrumbling_4, minivault_11,
          chequers_serial_rivers_micro_b, minmay_shattered_shrine
Depths:2: minmay_the_grid_triangle_9x9_recursive_2
          [minmay_the_grid_triangle_9x9_prize_top_heavy,
          minmay_the_grid_triangle_9x9_pentomino_pain,
          minmay_the_grid_triangle_9x9_flanged_cone,
          minmay_the_grid_triangle_9x9_warning], layout_gridville, hell_entry,
          grunt_pan_entry_spiral, kennysheep_decorative_pillar, kennysheep_nub
Depths:3: angbandy_vault, layout_basic, lightli_too_deep, minmay_misc_feat_five,
          grunt_pan_entry_sceptre, tso_metal_star
Depths:4: nicolae_whirlpool, layout_gridlike, hell_entry,
          hangedman_abyss_entry_splay, serial_shops, shop,
          rand_demon_pan_entry_5, minmay_staircase_statues_hall_large,
          serial_bayou_shore_b
Depths:5: evilmike_zot_entry_diamond, layout_cave_shapes,
          rand_demon_pan_entry_1, nicolae_abyss_entry_one_way_or_another,
          pf_dread_powers_of_hell, special_room [special_room_mythical_zoo],
          minmay_shop_grove, uniq_mennas, uniq_boris
Zot:1:    kennysheep_blocky_room, layout_onion, hangedman_zot_diagonal_lockstep,
          grunt_ministairs_2
Zot:2:    kennysheep_room_grid, layout_onion_interference,
          chequers_guarded_unrand_mask_of_the_dragon
Zot:3:    layout_gridlike
Zot:4:    layout_onion
Zot:5:    layout_basic

Skill      XL: |  1  2  3  4  5  6  7  8  9 10 11 12 13 14 15 16 17 18 19 20 21 22 23 24 25 26 27 |
---------------+----------------------------------------------------------------------------------+-----
Conjurations   | 1 |  1.8
Fighting       | 1 2 3 4 5 6 7 9 10 11 12 13 14 15 16 18 22 | 22.1
Stealth        | 3 4 5 |  5.3
Slings         | 1 2 3 4 6 8 10 11 13 14 | 14.0
Dodging        | 3 4 5 6 7 9 11 12 13 14 15 | 15.3
Fire Magic     | 1 2 |  2.2
Invocations    | 1 3 5 7 8 9 10 11 13 14 17 18 | 18.0
Air Magic      | 1 2 |  2.0
Poison Magic   | 1 2 |  2.0
Armour         | 4 6 8 10 11 13 14 15 | 15.7
Translocations | 3 4 6 7 8 |  8.0
Evocations     | 3 5 6 9 11 12 14 15 | 15.2
Spellcasting   | 4 5 |  5.0
Short Blades   | 5 13 14 | 14.0
Shields        | 9 13 15 18 20 21 | 21.0
Summonings     | |  0.7

Action                   |  1- 3 |  4- 6 |  7- 9 | 10-12 | 13-15 | 16-18 | 19-21 | 22-24 | 25-27 || total
-------------------------+-------+-------+-------+-------+-------+-------+-------+-------+-------++-------
Melee: Unarmed           |     3 |       |       |       |       |       |       |       |     2 ||     5
       Dagger            |    31 |    79 |   226 |   433 |   203 |    77 |     8 |    73 |       ||  1130
       Hunting sling     |       |       |       |       |     2 |       |       |       |       ||     2
       Rapier            |       |       |       |       |       |  2006 |  2438 |  3231 |  3402 || 11077
 Fire: Hunting sling     |       |   174 |   334 |   580 |  2501 |  1064 |   105 |     3 |       ||  4761
       Fustibalus        |       |       |       |       |       |       |       |   204 |   691 ||   895
Throw: Stone             |     2 |       |       |       |       |     7 |       |     1 |       ||    10
       Throwing net      |       |       |       |       |       |       |       |       |     1 ||     1
 Cast: Magic Dart        |    85 |    23 |    23 |     1 |       |       |       |       |     1 ||   133
       Call Imp          |     8 |    30 |    50 |     3 |       |       |       |       |       ||    91
       Blink             |       |     1 |     5 |    20 |    32 |    30 |       |       |     7 ||    95
       Mephitic Cloud    |       |       |       |     2 |     4 |       |       |       |       ||     6
       Conjure Flame     |       |       |       |     1 |       |     1 |       |       |       ||     2
       Animate Skeleton  |       |       |       |       |    24 |     2 |       |       |     9 ||    35
       Passage of Golubr |       |       |       |       |       |     3 |       |       |       ||     3
Invok: Triple Draw       |       |       |       |     1 |       |       |       |       |     2 ||     3
       Deal Four         |       |       |       |       |       |     1 |     1 |     5 |     3 ||    10
       Stack Five        |       |       |       |       |       |     1 |     1 |       |     2 ||     4
 Abil: Draw Destruction  |       |       |     5 |    11 |    18 |    42 |    29 |    18 |    34 ||   157
       Draw Summoning    |       |       |     3 |     2 |    11 |    17 |    14 |    10 |    15 ||    72
       Draw Escape       |       |       |       |     1 |       |     3 |     4 |       |       ||     8
       Draw Stack        |       |       |       |       |       |     2 |     2 |     1 |    10 ||    15
Evoke: Wand              |       |     1 |    42 |    11 |    26 |    56 |    13 |    31 |    60 ||   240
       Lamp of fire      |       |       |       |       |       |     4 |     1 |     6 |     5 ||    16
       Phial of floods   |       |       |       |       |       |       |       |     2 |     7 ||     9
       Phantom mirror    |       |       |       |       |       |       |       |     1 |       ||     1
  Use: Scroll            |       |    11 |     8 |    12 |    10 |    24 |    12 |    13 |    27 ||   117
       Potion            |       |     3 |       |     2 |     2 |    13 |     3 |     5 |    47 ||    75
 Stab: Distracted        |     1 |       |     1 |       |       |     3 |     4 |     8 |     7 ||    24
       Sleeping          |     1 |       |     6 |     3 |       |    10 |    15 |    12 |     5 ||    52
       Paralysed         |       |       |     9 |       |       |     4 |     2 |     9 |    10 ||    34
       Confused          |       |       |       |     2 |       |       |       |       |       ||     2
       Petrified         |       |       |       |       |       |       |     2 |     2 |       ||     4
       Petrifying        |       |       |       |       |       |       |       |     2 |       ||     2
       Held in net/web   |       |       |       |       |       |       |       |     3 |       ||     3
       Invisible         |       |       |       |       |       |       |       |       |     8 ||     8
  Eat: Chunk             |     7 |     7 |    23 |    24 |    45 |    28 |    51 |    38 |    34 ||   257
       Ration            |       |     2 |     4 |     2 |     2 |    22 |     5 |    11 |    24 ||    72
Armor: Robe              |     5 |    36 |    60 |    29 |       |       |       |       |       ||   130
       Troll leather arm |       |       |       |    82 |   195 |    25 |       |       |       ||   302
       Scale mail        |       |       |       |       |       |   453 |       |       |       ||   453
       Swamp dragon scal |       |       |       |       |       |   224 |       |       |       ||   224
       Chain mail        |       |       |       |       |       |   144 |   279 |       |   134 ||   557
       Ice dragon scales |       |       |       |       |       |    19 |       |       |       ||    19
       Quicksilver drago |       |       |       |       |       |       |   135 |   453 |   570 ||  1158
Dodge: Dodged            |    34 |   164 |   329 |   588 |  1235 |  2149 |   958 |  1454 |  1335 ||  8246
Block: Shield            |       |       |       |       |       |       |   539 |  1625 |  1692 ||  3856

Table legend:
 A = Non-vault XP
 B = Vault XP
 C = Vault XP percentage of total XP
 D = Non-vault monster count
 E = Vault monster count
 F = Vault count percentage of total count
                 A         B        C        D         E       F
            +---------+---------+-------+---------+---------+-------
      Total |  828118 |  457338 |  35.6 |    1540 |     561 |  26.7
            +---------+---------+-------+---------+---------+-------
        D:1 |      43 |       0 |   0.0 |      23 |       0 |   0.0
        D:2 |      35 |       0 |   0.0 |      18 |       0 |   0.0
        D:3 |     105 |      23 |  18.0 |      22 |       1 |   4.3
        D:4 |     446 |       0 |   0.0 |      19 |       0 |   0.0
        D:5 |     468 |     425 |  47.6 |      15 |       2 |  11.8
        D:6 |    1368 |       0 |   0.0 |      29 |       0 |   0.0
        D:7 |     654 |     618 |  48.6 |      18 |       9 |  33.3
        D:8 |    2021 |    1677 |  45.3 |      30 |       9 |  23.1
        D:9 |    3148 |    2410 |  43.4 |      31 |      13 |  29.5
       D:10 |    2993 |     788 |  20.8 |      16 |       1 |   5.9
       D:11 |    3261 |    1007 |  23.6 |      27 |       1 |   3.6
       D:12 |    4598 |    1977 |  30.1 |      30 |       3 |   9.1
       D:13 |   18625 |    6036 |  24.5 |      52 |      11 |  17.5
       D:14 |    9629 |    2707 |  21.9 |      42 |       3 |   6.7
       D:15 |   11653 |    5580 |  32.4 |      21 |       4 |  16.0
     Lair:1 |    3940 |     981 |  19.9 |      20 |       2 |   9.1
     Lair:2 |    3104 |    1326 |  29.9 |      13 |       2 |  13.3
     Lair:3 |    4044 |       0 |   0.0 |      12 |       0 |   0.0
     Lair:4 |    5548 |    1298 |  19.0 |      16 |       4 |  20.0
     Lair:5 |    8563 |   15409 |  64.3 |      25 |      26 |  51.0
     Lair:6 |   14178 |    6125 |  30.2 |      45 |      13 |  22.4
    Swamp:1 |   15086 |       0 |   0.0 |      39 |       0 |   0.0
    Swamp:2 |   19407 |     412 |   2.1 |      41 |       2 |   4.7
    Swamp:3 |    9418 |   10537 |  52.8 |      28 |      34 |  54.8
    Swamp:4 |    9326 |    6629 |  41.5 |      27 |      28 |  50.9
   Spider:1 |   10436 |     760 |   6.8 |      32 |       3 |   8.6
   Spider:2 |   25038 |       0 |   0.0 |      75 |       0 |   0.0
   Spider:3 |   17676 |    1997 |  10.2 |      43 |       1 |   2.3
   Spider:4 |   15583 |   28653 |  64.8 |      46 |      45 |  49.5
      Orc:1 |    2106 |     704 |  25.1 |      34 |       3 |   8.1
      Orc:2 |    1941 |    3699 |  65.6 |      30 |      64 |  68.1
      Elf:1 |   20274 |    6879 |  25.3 |      32 |       9 |  22.0
      Elf:2 |   21597 |   12986 |  37.6 |      35 |      11 |  23.9
      Elf:3 |    2115 |   31424 |  93.7 |       5 |      24 |  82.8
   Vaults:1 |   25106 |   15706 |  38.5 |      44 |      23 |  34.3
   Vaults:2 |   32049 |   13881 |  30.2 |      52 |      15 |  22.4
   Vaults:3 |   16730 |   21370 |  56.1 |      22 |      16 |  42.1
   Vaults:4 |   26197 |   24939 |  48.8 |      45 |      32 |  41.6
   Depths:1 |   25743 |   14342 |  35.8 |      26 |      14 |  35.0
   Depths:2 |   37772 |    7100 |  15.8 |      50 |      16 |  24.2
   Depths:3 |   32914 |    7396 |  18.3 |      43 |      18 |  29.5
   Depths:4 |   20248 |   16971 |  45.6 |      25 |      14 |  35.9
   Depths:5 |    7518 |   30687 |  80.3 |       9 |      26 |  74.3
      Zot:1 |   38681 |   14135 |  26.8 |      26 |      10 |  27.8
      Zot:2 |   72382 |    2432 |   3.3 |      37 |       5 |  11.9
      Zot:3 |   76406 |       0 |   0.0 |      48 |       0 |   0.0
      Zot:4 |   77280 |   10439 |  11.9 |      41 |       2 |   4.7
      Zot:5 |   47421 |  109815 |  69.8 |      28 |      32 |  53.3
    Abyss:1 |     212 |       0 |   0.0 |       1 |       0 |   0.0
    Abyss:2 |       0 |      21 | 100.0 |       0 |       2 | 100.0
    Abyss:3 |   23032 |   15037 |  39.5 |      52 |       8 |  13.3
            +---------+---------+-------+---------+---------+-------
